 Dungeon Crawl Stone Soup version 0.20-a0-270-g8e735b6 (webtiles) character file.

1365 gamerape the Skirmisher (level 8, -8/65 HPs)
             Began as a Formicid Chaos Knight on Dec 10, 2016.
             Mangled by an ogre
             ... wielding a +0 giant spiked club
              (15 damage)
             ... on level 6 of the Dungeon.
             The game lasted 00:22:15 (5855 turns).

gamerape the Skirmisher (Formicid Chaos Knight)     Turns: 5855, Time: 00:22:16

Health: -8/65      AC: 10    Str: 18    XL:     8   Next: 97%
Magic:  8/8        EV: 13    Int: 13    God:    Xom [..*...]
Gold:   156        SH:  0    Dex: 13    Spells: 7/7 levels left

rFire  . . .     SeeInvis +     a - +0 falchion (chaos)
rCold  . . .     Gourm    .     b - +2 leather armour
rNeg   . . .     Faith    .     (no shield)
rPois  .         Spirit   .     (helmet unavailable)
rElec  .         Reflect  .     (no cloak)
rCorr  .         Harm     .     t - +2 pair of gloves {Dex+3}
MR     .....                    (no boots)
Stlth  ++........               (no amulet)
                                (no ring)
                                (no ring)

@: no status effects
A: permanent stasis, dig shafts and tunnels, four strong arms, antennae 3, beak,
talons 1, shaggy fur 1
a: Dig, Shaft Self, Renounce Religion


You were on level 6 of the Dungeon.
You worshipped Xom.
You were a toy of Xom.
You were not hungry.

You visited 1 branch of the dungeon, and saw 6 of its levels.
You also visited: Sewer.

You collected 156 gold pieces.

Inventory:

Hand Weapons
 a - a +0 falchion of chaos (weapon)
Missiles
 d - 231 stones
 g - 2 javelins (quivered)
Armour
 b - a +2 leather armour (worn)
 s - a +0 scale mail of fire resistance
 t - a +2 pair of gloves of dexterity (worn)
Wands
 x - a wand of polymorph (12/24)
 A - a wand of slowing (28/48)
 D - a wand of digging (8/24)
Scrolls
 h - a scroll of blinking {unknown}
 l - a scroll of fog {unknown}
 o - 2 scrolls of remove curse
 r - 2 scrolls of noise {unknown}
 y - a scroll of enchant armour {unknown}
 z - a scroll of enchant weapon {unknown}
 B - 2 scrolls of identify
 C - a scroll of immolation {unknown}
Potions
 e - a potion of degeneration
 j - a potion of brilliance
 k - 8 potions of flight
 m - 3 potions of might {unknown}
 n - 2 potions of berserk rage
 p - a potion of curing
 q - 2 potions of magic {unknown}
 u - 6 potions of heal wounds {unknown}
 v - a potion of agility {unknown}
 w - a potion of haste {unknown}
Comestibles
 c - 4 bread rations
 f - 5 meat rations
 i - 4 fruits
 E - 4 chunks of flesh


   Skills:
 * Level 6.5 Fighting
 * Level 6.4 Long Blades
 * Level 6.3 Armour
 + Level 3.1 Dodging
 + Level 2.5 Stealth


You had 7 spell levels left.
You didn't know any spells.

Dungeon Overview and Level Annotations

Branches:
Dungeon (6/15)             Temple (0/1) D:5

Altars:
Dithmenos
Hepliaklqana
Kikubaaqudgha
Trog
Zin
The Shining One

Annotations:
Abyss:1 Natasha


Innate Abilities, Weirdness & Mutations

You cannot be hasted, slowed, berserked, paralysed or teleported.
You can dig through walls and to a lower floor.
Your four strong arms can wield two-handed weapons with a shield.
You have a pair of large antennae on your head. (SInv)
You have a beak for a mouth.
You have sharp toenails.
You are covered in fur. (AC +1)


Message History

You peck the ogre.
The ogre is lightly wounded.
The ogre completely misses you.
You hit the ogre but do no damage. Your kick misses the ogre.
The ogre is lightly wounded.
The ogre hits you with a giant spiked club!!
You hit the ogre. You burn the ogre. You claw the ogre, but do no damage.
The ogre is heavily wounded.
The ogre hits you with a giant spiked club!!
The ogre hits you with a giant spiked club.
* * * LOW HITPOINT WARNING * * *
The ogre hits you with a giant spiked club!
* * * LOW HITPOINT WARNING * * *
You slash the ogre! Your kick misses the ogre.
The ogre is severely wounded.
The ogre barely misses you.
You barely miss the ogre. You claw the ogre, but do no damage.
The ogre is severely wounded.
The ogre hits you with a giant spiked club!
You die...

#.##.###.##. ## ###
#........### #....#
#####.##### #..#.# #.....#
# #....# #.....# ## #.#
#.....# ##. #.# #....†#
##..
#..###.######.....####...
[......>O@............+...
##......####........###...
#......# #.###..#.# ##..
#.###### #.# #.##.# ##. #
#.###.##.# ## #.#...##.# #
#.#.####.# ###.#.####.#
#.......##.# ###


You could see an ogre.

Vanquished Creatures
  The ghost of tsouns the Vexing, an amateur DsWn (D:4)
  Grinder (D:3)
  An ogre (D:5)
  A centaur (D:5)
  A big kobold (Sewer)
  A scorpion (D:5)
  2 howler monkeys
  A hound (D:5)
  A centaur skeleton (D:5)
  An orc priest (D:4)
  Natasha (D:4)
  An iguana (D:4)
  2 orc wizards
  5 worker ants
  Robin (D:4)
  3 river rats (Sewer)
  12 adders
  2 oozes (D:3)
  An adder skeleton (D:4)
  A worm (D:2)
  A dart slug (D:4)
  5 leopard geckos
  11 orcs
  3 ball pythons
  9 bats
  A bat zombie (D:5)
  4 giant cockroaches
  16 goblins
  13 hobgoblins
  12 jackals
  10 kobolds
  2 quokkas
  4 frilled lizards
  8 rats
  A rat zombie (D:5)
140 creatures vanquished.

Vanquished Creatures (collateral kills)
  An orc (D:3)
  A rat (D:3)
2 creatures vanquished.

Vanquished Creatures (others)
  An ooze (D:4)
1 creature vanquished.

Grand Total: 143 creatures vanquished

Notes
Turn   | Place    | Note
-------+----------+-------------------------------------------
     0 | D:1      | gamerape the Formicid Chaos Knight began the quest for the Orb.
     0 | D:1      | Reached XP level 1. HP: 18/18 MP: 1/1
   133 | D:1      | Reached XP level 2. HP: 20/24 MP: 2/2
   138 | D:1      | XOM: potion effect (brilliance)
   175 | D:1      | XOM: mild Ice miscast
   211 | D:1      | Reached XP level 3. HP: 24/30 MP: 3/3
   504 | D:1      | Reached skill level 1 in Dodging
   525 | D:1      | XOM: noise
  1092 | D:2      | XOM: mild Summ miscast
  1104 | D:2      | Reached XP level 4. HP: 24/37 MP: 4/4
  1198 | D:2      | XOM: confusion (+ monsters)
  1649 | D:2      | Found a glowing golden altar of the Shining One.
  2136 | D:2      | Reached XP level 5. HP: 42/42 MP: 5/5
  2239 | D:3      | Noticed Grinder
  2271 | D:3      | XOM: summons friendly iron imp
  2293 | D:3      | Killed Grinder
  2293 | D:3      | Reached XP level 6. HP: 18/50 MP: 6/6
  2402 | D:3      | Found a bloodstained altar of Trog.
  2519 | D:3      | Found a glowing drain.
  2528 | Sewer    | Entered a sewer
  2622 | Sewer    | XOM: mild Hex miscast
  2642 | Sewer    | XOM: noise
  2717 | Sewer    | XOM: divination: detect items
  2725 | Sewer    | Reached skill level 5 in Fighting
  2725 | Sewer    | Reached skill level 5 in Long Blades
  2725 | Sewer    | Reached XP level 7. HP: 52/56 MP: 7/7
  2767 | Sewer    | Found a white marble altar of Elyvilon.
  2964 | Sewer    | XOM: harmless Hex miscast
  3303 | D:3      | XOM: silly message
  3322 | D:3      | XOM: divination: detect creatures
  3727 | D:4      | Noticed Natasha
  3744 | D:4      | XOM: smoke on damage
  3751 | D:4      | Killed Natasha
  4095 | D:4      | XOM: give mutations
  4095 | D:4      | Gained mutation: You have sharp toenails. [Xom's grace]
  4095 | D:4      | Gained mutation: You are covered in fur. (AC +1) [Xom's grace]
  4095 | D:4      | Gained mutation: You have a beak for a mouth. [Xom's grace]
  4122 | D:4      | Noticed Natasha
  4148 | D:4      | XOM: enchant monster (good)
  4152 | D:4      | Banished Natasha
  4152 | D:4      | Reached skill level 5 in Armour
  4239 | D:4      | Found a glowing silver altar of Zin.
  4239 | D:4      | Noticed tsouns's ghost (amateur DsWn)
  4240 | D:4      | XOM: enchant monster (good)
  4242 | D:4      | XOM: divine lightning (protected)
  4301 | D:4      | XOM: confuse monster(s)
  4322 | D:4      | XOM: noise
  4331 | D:4      | XOM: summons friendly quasit
  4334 | D:4      | XOM: mild Erth miscast
  4336 | D:4      | Killed tsouns's ghost
  4336 | D:4      | Reached skill level 1 in Stealth
  4336 | D:4      | Reached XP level 8. HP: 16/64 MP: 8/8
  4352 | D:4      | XOM: polymorph quasit -> iron imp
  4416 | D:4      | Found a hazy altar of Hepliaklqana.
  4419 | D:4      | Found a shadowy altar of Dithmenos.
  4638 | D:4      | Noticed Robin
  4640 | D:4      | XOM: confusion
  4667 | D:4      | Killed Robin
  4940 | D:5      | Entered Level 5 of the Dungeon
  5099 | D:5      | Found a staircase to the Ecumenical Temple.
  5234 | D:5      | XOM: blink monster(s)
  5238 | D:5      | XOM: harmless Ice miscast
  5391 | D:5      | XOM: harmless Air miscast
  5515 | D:5      | Found an ancient bone altar of Kikubaaqudgha.
  5680 | D:5      | XOM: divination: detect creatures
  5855 | D:6      | Mangled by an ogre

Vault maps used:
D:1:      dpeg_arrival_castle
D:2:      tso_altar
D:3:      bloody_trog, portal_sewer_entry_d, uniq_grinder
D:4:      grunt_temple_overflow_open, first_bread, uniq_natasha, uniq_robin
D:5:      lemuel_zombie_altar_kikubaaqudgha
D:6:      grunt_ministairs_2, uniq_eustachio, uniq_sigmund, uniq_duvessa,
          uniq_pikel
Sewer:    sewer_kobolds

Skill      XL: |  1  2  3  4  5  6  7  8 |
---------------+-------------------------+-----
Dodging        | 1 2 3 |  3.1
Fighting       | 4 5 6 |  6.5
Long Blades    | 4 5 6 |  6.4
Armour         | 3 4 5 6 |  6.3
Stealth        | 1 2 |  2.5

Action                   |  1- 3 |  4- 6 |  7- 9 || total
-------------------------+-------+-------+-------++-------
Melee: Falchion          |    97 |   167 |   262 ||   526
       Unarmed           |       |     3 |       ||     3
       Kick              |       |       |    53 ||    53
       Peck              |       |       |    42 ||    42
Throw: Stone             |       |       |     3 ||     3
       Javelin           |       |       |     2 ||     2
  Use: Scroll            |       |       |     7 ||     7
 Stab: Paralysed         |       |     4 |     2 ||     6
       Petrified         |       |    10 |     2 ||    12
       Petrifying        |       |     1 |       ||     1
       Sleeping          |       |       |     1 ||     1
  Eat: Chunk             |     1 |     5 |     9 ||    15
       Beef jerky        |       |       |     1 ||     1
Armor: Leather armour    |    27 |    48 |    90 ||   165
Dodge: Dodged            |    50 |    91 |   150 ||   291
       Rpst.: Falchion   |     9 |    18 |    49 ||    76
